 Dungeon Crawl Stone Soup version 0.29.0-4-gdea44cf6ec (webtiles) character file.

Game seed: 10773307982194237968

1467 qw the Cleaver (level 8, 0/48 HPs)
             Began as a Tengu Warper on Aug 28, 2022.
             Was an Initiate of Okawaru.
             Slain by a meliai zombie (6 damage)
             ... on level 7 of the Dungeon.
             The game lasted 00:00:47 (6688 turns).

qw the Cleaver (Tengu Warper)                       Turns: 6688, Time: 00:00:47

Health: 0/48       AC:  9    Str: 16 (17) XL:     8   Next: 77%
Magic:  12/12      EV: 10    Int: 13      God:    Okawaru [......]
Gold:   192        SH:  9    Dex: 13      Spells: 11/11 levels left

rFire   + . .      SeeInvis .   Y - +0 war axe
rCold   + . .      Faith    .   a - +0 kite shield
rNeg    . . .      Spirit   .   d - +0 scale mail
rPois   .          Reflect  .   (helmet restricted)
rElec   .          Harm     .   m - +2 cloak
rCorr   .          Rampage  .   (no gloves)
Will    .....      Clarity  +   (boots unavailable)
Stlth   ..........              g - amulet of the acrobat
HPRegen 0.16/turn               k - ring of protection from fire
MPRegen 0.13/turn               (no ring)

@: flying quickly and evasively, quick
A: beak, talons 3, nimble flight, horns 1, clarity, cold resistance 1,
deterioration 1, strong 1
a: Renounce Religion


You were on level 7 of the Dungeon.
You worshipped Okawaru.
Okawaru was noncommittal.
You visited 2 branches of the dungeon, and saw 8 of its levels.

You collected 222 gold pieces.
You spent 30 gold pieces at shops.


Innate Abilities, Weirdness & Mutations

You have a beak for a mouth.
You have claws for feet.
Your magical nature lets you fly swiftly and evasively.
You have a pair of small horns on your head.
You possess an exceptional clarity of mind.
Your flesh is cold resistant. (rC+)
Your body sometimes deteriorates upon taking damage.
Your muscles are strong. (Str +4, Int/Dex -1)


   Skills:
 + Level 3.9 Fighting
 - Level 9.0 Axes
 - Level 2.1 Throwing
 - Level 2.5 Armour
 - Level 2.1 Dodging
 - Level 5.0 Shields
 - Level 2.0 Spellcasting
 - Level 2.4 Translocations


You had 11 spell levels left.
You didn't know any spells.
Your spell library contained the following spells:

 Spells                   Type           Power      Damage    Failure   Level
 Blink                    Tloc           14%        N/A       83%         2
 Gell's Gravitas          Tloc           7%         N/A       96%         3
 Lesser Beckoning         Tloc           7%         N/A       96%         3
 Teleport Other           Tloc           7%         N/A       96%         3
 Manifold Assault         Tloc           7%         N/A       100%        5

Inventory:

Hand Weapons
 s - a +0 flail
 Y - a +0 war axe (weapon)
Missiles
 r - 3 boomerangs (quivered)
Armour
 a - a +0 kite shield (worn)
 d - a +0 scale mail (worn)
 m - a +2 cloak (worn)
 w - a scarf of resistance
Jewellery
 g - an amulet of the acrobat (around neck)
 k - a ring of protection from fire (left hand)
Scrolls
 e - a scroll of identify
Potions
 c - a potion of might
 j - 2 potions of mutation
 n - 2 potions of curing
 p - a potion of haste
 q - a potion of resistance

Dungeon Overview and Level Annotations

Branches:
Dungeon (7/15)             Temple (1/1) D:6

Altars:
Cheibriados
Dithmenos
Elyvilon
Fedhas
Gozag
Hepliaklqana
Kikubaaqudgha
Makhleb
Nemelex Xobeh
Okawaru
Qazlal
Ru
Sif Muna
Trog
Uskayaw
Vehumet
Wu Jian
Xom
Zin
The Shining One

Shops:
D:1 ?[(!


Message History

The meliai zombie is lightly damaged.
You hear a chilling moan.
You block the meliai zombie's attack. x2; The meliai zombie hits you!
Your body deteriorates!
You feel weakened. You block the meliai zombie's attack.
You slash the meliai zombie! You claw the meliai zombie!
You peck the meliai zombie.
The meliai zombie is heavily damaged.
You block the meliai zombie's attack.
The meliai zombie hits you but does no damage. x2
The meliai zombie hits you.
The shadow imp laughs crazily.
The meliai zombie hits you. You block the meliai zombie's attack.
You hit the meliai zombie but do no damage.
Your headbutt misses the meliai zombie.
The meliai zombie is heavily damaged.
The meliai zombie hits you. The meliai zombie barely misses you.
The meliai zombie hits you but does no damage. x2
You hit the meliai zombie. You claw the meliai zombie!
You headbutt the meliai zombie, but do no damage.
You peck the meliai zombie.
The meliai zombie is severely damaged.
The meliai zombie hits you.
The meliai zombie hits you but does no damage.
The meliai zombie hits you. The meliai zombie barely misses you. x2
The meliai zombie hits you!
You closely miss the meliai zombie.
The meliai zombie is severely damaged.
The meliai zombie hits you but does no damage.
The meliai zombie hits you.
You closely miss the shadow imp.
You peck the shadow imp, but do no damage.
The meliai zombie hits you. The meliai zombie barely misses you.
The shadow imp hits you but does no damage.
You barely miss the meliai zombie. You claw the meliai zombie.
You headbutt the meliai zombie!
The meliai zombie is almost destroyed.
You hit the shadow imp. The meliai zombie hits you.
You die...

#.# #.# #.# #.# #
#.#
####.#######.######.
....................
#5@............
#...Z####.#.......
P...... #<#######.
....... #.# .(..#..
#.# 8P.###< #.# ...
.# #.# .. . ... ...


You could see a shadow imp and a meliai zombie.

Vanquished Creatures
  Menkaure (D:4)
  A water moccasin (D:5)
  A black bear (D:6)
  3 ogres
  A centaur (D:6)
  A bullfrog (D:6)
  A necrophage (D:5)
  3 scorpions
  A jelly (D:5)
  3 hounds
  5 iguanas
  An orc wizard (D:5)
  3 gnolls (D:5)
  8 adders
  A river rat (D:4)
  An ufetubus (D:4)
  3 worms (D:4)
  3 dart slugs
  25 orcs
  8 endoplasms
  A giant cockroach (D:2)
  6 goblins
  6 hobgoblins
  6 jackals
  7 quokkas
  5 ball pythons
  3 bats
  3 frilled lizards
  5 kobolds
  8 rats
124 creatures vanquished.

Vanquished Creatures (others)
  5 plants (D:5)
5 creatures vanquished.

Grand Total: 129 creatures vanquished

Notes
Turn   | Place    | Note
-------+----------+-------------------------------------------
     0 | D:1      | qw the Tengu Warper began the quest for the Orb.
     0 | D:1      | Reached XP level 1. HP: 12/12 MP: 4/4
     0 | D:1      | 0 ||| qw: Version: 0.1-a-89-g26bdef1
     0 | D:1      | 0 ||| qw: Game counter: 295
     0 | D:1      | 0 ||| qw: Always use a shield: true
     0 | D:1      | 0 ||| qw: God list: Okawaru
     0 | D:1      | 0 ||| qw: Allow faded altars: false
     0 | D:1      | 0 ||| qw: Do Orc after D:15 true
     0 | D:1      | 0 ||| qw: Do second Lair branch before Depths: true
     0 | D:1      | 0 ||| qw: Lair rune preference: random
     0 | D:1      | 0 ||| qw: Plans: Normal
     0 | D:1      | 0 ||| PLANNING D:1-11
   145 | D:1      | Reached skill level 3 in Axes
   145 | D:1      | Reached XP level 2. HP: 15/17 MP: 6/6
   225 | D:1      | Found Meiradgh's Magic Scroll Boutique.
   231 | D:1      | 231 ||| SHOPLISTING scroll of enchant weapon (105 gold,
                  | have 4).
   231 | D:1      | 231 ||| SHOPLISTING scroll of identify (28 gold, have 4).
   231 | D:1      | 231 ||| SHOPLISTING scroll of teleportation (42 gold, have
                  | 4).
   237 | D:1      | 237 ||| DROPPING +0 club.
   534 | D:1      | Found Xaorhol's Weapon Emporium.
   544 | D:1      | Found Timat's Distillery.
   553 | D:1      | 553 ||| BUYING potion of curing (30 gold).
   553 | D:1      | Bought a potion of curing for 30 gold pieces
   553 | D:1      | 553 ||| SHOPLISTING potion of curing (30 gold, have 2).
   553 | D:1      | 553 ||| SHOPLISTING potion of might (40 gold, have 2).
   651 | D:1      | 651 ||| Stepping ~*~*~tactically~*~*~ (hiding).
   672 | D:1      | Found a faded altar of an unknown god.
   698 | D:1      | Found Oras Xodgh's Armour Boutique.
   761 | D:1      | 761 ||| SHOPLISTING +0 ring mail (48 gold, have 2).
   761 | D:1      | 761 ||| SHOPLISTING +0 scale mail (48 gold, have 2).
   761 | D:1      | 761 ||| SHOPLISTING +1 ring mail of fire resistance (192
                  | gold, have 2).
   761 | D:1      | 761 ||| SHOPLISTING +2 scale mail of willpower (252 gold,
                  | have 2).
   805 | D:1      | Reached XP level 3. HP: 21/21 MP: 7/7
   929 | D:1      | 929 ||| UPGRADING to +2 cloak.
   934 | D:1      | 934 ||| UPGRADING to +0 ring mail.
   944 | D:1      | 944 ||| DROPPING +0 leather armour.
   945 | D:1      | 945 ||| UPGRADING to ring of protection from fire.
   946 | D:1      | 946 ||| READING 2 scrolls labelled HOPROH VIERUTUUL.
   947 | D:1      | 947 ||| READING 2 scrolls labelled SUAHAT UNULALL.
   948 | D:1      | 948 ||| READING scroll labelled POSOZOKHEPP.
   949 | D:1      | 949 ||| READING scroll labelled QODWAURUIS.
   950 | D:1      | 950 ||| READING scroll labelled RUCSEF TIEZUTTOFOM.
   951 | D:1      | 951 ||| DROPPING scroll of immolation.
   952 | D:1      | 952 ||| DROPPING scroll of blinking.
  1024 | D:2      | 1024 ||| Stepping ~*~*~tactically~*~*~ (stealth).
  1068 | D:2      | 1068 ||| Stepping ~*~*~tactically~*~*~ (stealth).
  1069 | D:2      | 1069 ||| Stepping ~*~*~tactically~*~*~ (stealth).
  1082 | D:2      | 1082 ||| Stepping ~*~*~tactically~*~*~ (stealth).
  1154 | D:2      | Reached skill level 4 in Axes
  1538 | D:2      | 1538 ||| Stepping ~*~*~tactically~*~*~ (hiding).
  1673 | D:2      | 1673 ||| UPGRADING to +0 kite shield.
  1678 | D:2      | 1678 ||| READING scroll labelled YNKIXO HIQYSK.
  1679 | D:2      | 1679 ||| DRINKING 2 bubbling inky potions.
  1680 | D:2      | 1680 ||| DRINKING 2 clear potions.
  1680 | D:2      | Gained mutation: You passively map a small area around you.
                  | [potion of mutation]
  1680 | D:2      | Gained mutation: You do not regenerate when monsters are
                  | visible. [potion of mutation]
  1680 | D:2      | Gained mutation: Your flesh is cold resistant. (rC+)
                  | [potion of mutation]
  1681 | D:2      | 1681 ||| DRINKING potion of mutation.
  1681 | D:2      | Lost mutation: You do not regenerate when monsters are
                  | visible. [potion of mutation]
  1681 | D:2      | Lost mutation: You passively map a small area around you.
                  | [potion of mutation]
  1681 | D:2      | Gained mutation: You possess an exceptional clarity of
                  | mind. [potion of mutation]
  1681 | D:2      | Gained mutation: Your body sometimes deteriorates upon
                  | taking damage. [potion of mutation]
  1681 | D:2      | Gained mutation: You have a pair of small horns on your
                  | head. [potion of mutation]
  1681 | D:2      | Gained mutation: Your muscles are strong. (Str +4, Int/Dex
                  | -1) [potion of mutation]
  1682 | D:2      | 1682 ||| READING 2 scrolls of identify.
  1682 | D:2      | 1682 ||| IDENTIFYING silvery potion
  1683 | D:2      | 1683 ||| DROPPING potion of degeneration.
  1684 | D:2      | 1684 ||| Stepping randomly (stuck).
  1685 | D:2      | 1685 ||| Stepping ~*~*~tactically~*~*~ (cloud).
  1686 | D:2      | 1686 ||| DRINKING 2 potions of curing.
  1686 | D:2      | 1686 ||| (to cure poison)
  1762 | D:3      | Reached skill level 1 in Shields
  1776 | D:3      | 1776 ||| Stepping ~*~*~tactically~*~*~ (stealth).
  1777 | D:3      | 1777 ||| Stepping ~*~*~tactically~*~*~ (stealth).
  1939 | D:3      | Found a snail-covered altar of Cheibriados.
  1940 | D:3      | 1940 ||| UPGRADING to +0 scale mail.
  1950 | D:3      | 1950 ||| DROPPING +0 ring mail.
  1951 | D:3      | 1951 ||| Stepping randomly (stuck).
  1952 | D:3      | 1952 ||| Stepping randomly (stuck).
  1953 | D:3      | 1953 ||| Stepping randomly (stuck).
  1957 | D:3      | 1957 ||| Stepping randomly (stuck).
  1958 | D:3      | 1958 ||| Stepping randomly (stuck).
  1962 | D:3      | 1962 ||| Stepping randomly (stuck).
  1963 | D:3      | 1963 ||| Stepping randomly (stuck).
  1964 | D:3      | 1964 ||| Stepping randomly (stuck).
  1965 | D:3      | 1965 ||| Stepping randomly (stuck).
  1966 | D:3      | 1966 ||| Stepping randomly (stuck).
  1968 | D:3      | 1968 ||| Stepping randomly (stuck).
  1969 | D:3      | 1969 ||| Stepping randomly (stuck).
  1970 | D:3      | 1970 ||| Stepping randomly (stuck).
  1971 | D:3      | 1971 ||| Stepping randomly (stuck).
  1972 | D:3      | 1972 ||| Stepping randomly (stuck).
  1973 | D:3      | 1973 ||| Stepping randomly (stuck).
  1974 | D:3      | 1974 ||| Stepping randomly (stuck).
  1975 | D:3      | 1975 ||| Stepping randomly (stuck).
  1976 | D:3      | 1976 ||| Stepping randomly (stuck).
  1977 | D:3      | 1977 ||| Stepping randomly (stuck).
  1978 | D:3      | 1978 ||| Stepping randomly (stuck).
  1979 | D:3      | 1979 ||| Stepping randomly (stuck).
  1980 | D:3      | 1980 ||| Stepping randomly (stuck).
  1982 | D:3      | 1982 ||| Stepping randomly (stuck).
  1983 | D:3      | 1983 ||| Stepping randomly (stuck).
  1985 | D:3      | 1985 ||| Stepping randomly (stuck).
  1986 | D:3      | 1986 ||| Stepping randomly (stuck).
  1990 | D:3      | 1990 ||| Stepping randomly (stuck).
  1991 | D:3      | 1991 ||| Stepping randomly (stuck).
  1992 | D:3      | 1992 ||| Stepping randomly (stuck).
  1993 | D:3      | 1993 ||| Stepping randomly (stuck).
  1994 | D:3      | 1994 ||| Stepping randomly (stuck).
  1997 | D:3      | 1997 ||| Stepping randomly (stuck).
  1998 | D:3      | 1998 ||| Stepping randomly (stuck).
  2000 | D:3      | 2000 ||| Stepping randomly (stuck).
  2002 | D:3      | 2002 ||| Stepping randomly (stuck).
  2004 | D:3      | 2004 ||| Stepping randomly (stuck).
  2005 | D:3      | 2005 ||| Stepping randomly (stuck).
  2006 | D:3      | 2006 ||| Stepping randomly (stuck).
  2007 | D:3      | 2007 ||| Stepping randomly (stuck).
  2008 | D:3      | 2008 ||| Stepping randomly (stuck).
  2012 | D:3      | 2012 ||| Stepping randomly (stuck).
  2013 | D:3      | 2013 ||| Stepping randomly (stuck).
  2015 | D:3      | 2015 ||| Stepping randomly (stuck).
  2016 | D:3      | 2016 ||| Stepping randomly (stuck).
  2017 | D:3      | 2017 ||| Stepping randomly (stuck).
  2117 | D:3      | Reached XP level 4. HP: 26/26 MP: 8/8
  2220 | D:3      | 2220 ||| Stepping ~*~*~tactically~*~*~ (hiding).
  2336 | D:3      | 2336 ||| Stepping ~*~*~tactically~*~*~ (stealth).
  2338 | D:3      | 2338 ||| Stepping ~*~*~tactically~*~*~ (stealth).
  2341 | D:3      | 2341 ||| Stepping ~*~*~tactically~*~*~ (stealth).
  2356 | D:3      | 2356 ||| FLEEEEING.
  2358 | D:3      | 2358 ||| FLEEEEING.
  2359 | D:3      | 2359 ||| FLEEEEING.
  2360 | D:3      | 2360 ||| FLEEEEING.
  2361 | D:3      | 2361 ||| FLEEEEING.
  2362 | D:3      | 2362 ||| FLEEEEING.
  2363 | D:3      | 2363 ||| FLEEEEING.
  2364 | D:3      | 2364 ||| FLEEEEING.
  2368 | D:3      | 2368 ||| FLEEEEING.
  2369 | D:3      | 2369 ||| FLEEEEING.
  2370 | D:3      | 2370 ||| FLEEEEING.
  2371 | D:3      | 2371 ||| FLEEEEING.
  2372 | D:3      | 2372 ||| FLEEEEING.
  2373 | D:3      | 2373 ||| FLEEEEING.
  2379 | D:3      | 2379 ||| STAIRDANCE
  2702 | D:3      | 2702 ||| DROPPING +0 whip.
  3024 | D:3      | 3024 ||| DRINKING 2 ruby potions.
  3025 | D:3      | 3025 ||| DRINKING 2 golden potions.
  3075 | D:4      | Noticed Menkaure
  3076 | D:4      | 3076 ||| PLANNING SEWER
  3081 | D:4      | Killed Menkaure
  3082 | D:4      | Gained mutation: Your magical nature lets you fly swiftly
                  | and evasively. [Tengu growth]
  3082 | D:4      | Reached XP level 5. HP: 17/30 MP: 9/9
  3082 | D:4      | Reached XP level 6. HP: 19/35 MP: 10/10
  3238 | D:4      | 3238 ||| Stepping ~*~*~tactically~*~*~ (stealth).
  3240 | D:4      | 3240 ||| Stepping ~*~*~tactically~*~*~ (stealth).
  3324 | D:4      | 3324 ||| DROPPING +3 mace.
  3336 | D:4      | 3336 ||| Stepping ~*~*~tactically~*~*~ (stealth).
  3397 | D:4      | Found a glowing silver altar of Zin.
  3398 | D:4      | Found an opulent altar of Gozag.
  3636 | D:4      | 3636 ||| Stepping ~*~*~tactically~*~*~ (stealth).
  3646 | D:4      | Found a shimmering altar of Xom.
  3705 | D:4      | Reached skill level 5 in Axes
  3750 | D:4      | 3750 ||| Stepping ~*~*~tactically~*~*~ (stealth).
  3757 | D:4      | 3757 ||| Stepping ~*~*~tactically~*~*~ (stealth).
  3857 | D:4      | 3857 ||| RIP SEWER
  3871 | D:4      | 3871 ||| PLANNING D:1-11
  3872 | D:4      | 3872 ||| Stepping ~*~*~tactically~*~*~ (stealth).
  3970 | D:4      | 3970 ||| Stepping ~*~*~tactically~*~*~ (stealth).
  4105 | D:4      | 4105 ||| READING scroll labelled VUAKANOTZ.
  4106 | D:4      | 4106 ||| READING scroll labelled DUOSAS VEMA.
  4107 | D:4      | 4107 ||| READING scroll labelled IWO AHACSITA.
  4108 | D:4      | 4108 ||| DRINKING 2 fizzy inky potions.
  4109 | D:4      | 4109 ||| READING 2 scrolls of identify.
  4109 | D:4      | 4109 ||| IDENTIFYING glowing amethyst potion
  4110 | D:4      | 4110 ||| DROPPING potion of ambrosia.
  4111 | D:4      | 4111 ||| DROPPING potion of attraction.
  4118 | D:5      | Entered Level 5 of the Dungeon
  4129 | D:5      | Reached skill level 6 in Axes
  4129 | D:5      | Reached XP level 7. HP: 40/40 MP: 11/11
  4133 | D:5      | 4133 ||| Stepping ~*~*~tactically~*~*~ (stealth).
  4145 | D:5      | HP: 10/40 [something/puff of flame (4)]
  4146 | D:5      | 4146 ||| DRINKING potion of heal wounds.
  4268 | D:5      | Found a white marble altar of Elyvilon.
  4269 | D:5      | 4269 ||| SWAPPING to +0 war axe.
  4270 | D:5      | 4270 ||| DROPPING +1 hand axe.
  4366 | D:5      | 4366 ||| Stepping ~*~*~tactically~*~*~ (hiding).
  4376 | D:5      | 4376 ||| Stepping ~*~*~tactically~*~*~ (stealth).
  4388 | D:5      | Reached skill level 7 in Axes
  4619 | D:5      | Reached skill level 3 in Fighting
  4687 | D:5      | Found a blossoming altar of Fedhas.
  4774 | D:5      | 4774 ||| FLEEEEING.
  4775 | D:5      | 4775 ||| FLEEEEING.
  4776 | D:5      | 4776 ||| FLEEEEING.
  4777 | D:5      | 4777 ||| FLEEEEING.
  4778 | D:5      | 4778 ||| FLEEEEING.
  4779 | D:5      | 4779 ||| FLEEEEING.
  4780 | D:5      | 4780 ||| FLEEEEING.
  4781 | D:5      | 4781 ||| FLEEEEING.
  4782 | D:5      | 4782 ||| FLEEEEING.
  4783 | D:5      | 4783 ||| FLEEEEING.
  4784 | D:5      | 4784 ||| FLEEEEING.
  4786 | D:5      | 4786 ||| FLEEEEING.
  4787 | D:5      | 4787 ||| FLEEEEING.
  4788 | D:5      | 4788 ||| FLEEEEING.
  4789 | D:5      | 4789 ||| FLEEEEING.
  4790 | D:5      | 4790 ||| FLEEEEING.
  4796 | D:5      | 4796 ||| FLEEEEING.
  4797 | D:5      | 4797 ||| FLEEEEING.
  4802 | D:5      | 4802 ||| FLEEEEING.
  4803 | D:5      | 4803 ||| FLEEEEING.
  4804 | D:5      | 4804 ||| FLEEEEING.
  4819 | D:5      | 4819 ||| FLEEEEING.
  4820 | D:5      | 4820 ||| STAIRDANCE
  4853 | D:4      | 4853 ||| READING 4 scrolls of identify.
  4853 | D:4      | 4853 ||| IDENTIFYING metallic golden potion
  4854 | D:4      | 4854 ||| READING 3 scrolls of identify.
  4854 | D:4      | 4854 ||| IDENTIFYING purple potion
  4855 | D:4      | 4855 ||| READING 2 scrolls of identify.
  4855 | D:4      | 4855 ||| IDENTIFYING green potion
  4856 | D:4      | 4856 ||| DROPPING potion of flight.
  4857 | D:4      | 4857 ||| DROPPING potion of lignification.
  4858 | D:4      | 4858 ||| DROPPING potion of brilliance.
  5086 | D:5      | Reached XP level 8. HP: 20/48 MP: 12/12
  5307 | D:5      | Reached skill level 8 in Axes
  5878 | D:5      | 5878 ||| READING 2 scrolls labelled HUOVEJALLO.
  5882 | D:5      | 5882 ||| READING scroll labelled NIORCH VUNTEEKE.
  6328 | D:6      | Reached skill level 9 in Axes
  6329 | D:6      | 6329 ||| Stepping ~*~*~tactically~*~*~ (stealth).
  6331 | D:6      | 6331 ||| Stepping ~*~*~tactically~*~*~ (stealth).
  6333 | D:6      | 6333 ||| Stepping ~*~*~tactically~*~*~ (stealth).
  6335 | D:6      | 6335 ||| Stepping ~*~*~tactically~*~*~ (stealth).
  6373 | D:6      | Found a shadowy altar of Dithmenos.
  6506 | D:6      | Found a staircase to the Ecumenical Temple.
  6507 | D:6      | 6507 ||| PLANNING TEMPLE
  6507 | D:6      | 6507 ||| DROPPING +0 ring mail of willpower.
  6508 | D:6      | 6508 ||| UPGRADING to amulet of the acrobat.
  6513 | D:6      | 6513 ||| READING 3 scrolls of identify.
  6513 | D:6      | 6513 ||| IDENTIFYING sedimented red potion
  6514 | D:6      | 6514 ||| READING 2 scrolls of identify.
  6514 | D:6      | 6514 ||| IDENTIFYING sedimented pink potion
  6515 | D:6      | 6515 ||| DROPPING potion of berserk rage.
  6521 | Temple   | Entered the Ecumenical Temple
  6600 | Temple   | Became a worshipper of Warmaster Okawaru
  6646 | Temple   | 6646 ||| PLANNING D:1-11
  6662 | D:6      | 6662 ||| READING scroll of teleportation.
  6686 | D:7      | HP: 9/48 [meliai zombie (5)]
  6688 | D:7      | Slain by a meliai zombie

Levels and vault maps discovered:
D:1:      ncdulo_wetmaze, layout_loops_ring, serial_shops, shop, shop,
          shop_fountains, shop, chequers_ecumenical_altar_twisty
D:2:      layout_basic
D:3:      layout_loops_ring, cheibrodos_worm_habitat, st_stairs_2
D:4:      layout_cave_pools, old_standard_altar,
          grunt_temple_overflow_gold_and_silver, gup_sewer_entry_bubbles,
          uniq_menkaure
D:5:      layout_basic, nicolae_elyvilon_temple_path, fedhas_ov_isle_minmay
D:6:      layout_rooms, kennysheep_little_box, temple_statues
D:7:      cheibrodos_grave_circle, layout_loops_ring, minmay_misc_feat_plants,
          st_stairs_11
Temple:   nicolae_temple_bog_church

Skill      XL: |  1  2  3  4  5  6  7  8 |
---------------+-------------------------+-----
Axes           | 3 4 6 7 9 |  9.0
Shields        | 1 4 5 |  5.0
Fighting       | 3 |  3.9
Armour         | 2 |  2.5
Throwing       | 2 |  2.1
Dodging        | |  2.1
Spellcasting   | |  2.0
Translocations | |  2.4

Action                   |  1- 3 |  4- 6 |  7- 9 || total
-------------------------+-------+-------+-------++-------
Melee: Hand axe          |    75 |    84 |    25 ||   184
       Kick              |    14 |    21 |    37 ||    72
       Peck              |     8 |    10 |    26 ||    44
       Headbutt          |     1 |    12 |    23 ||    36
       War axe           |       |       |    95 ||    95
Throw: Boomerang         |     7 |     9 |    21 ||    37
       Javelin           |    15 |    32 |    23 ||    70
  Use: Scroll            |     7 |     4 |     8 ||    19
       Potion            |     4 |     3 |     1 ||     8
Armor: Leather armour    |    15 |       |       ||    15
       Scale mail        |     7 |    25 |    46 ||    78
       Ring mail         |     5 |       |       ||     5
Dodge: Dodged            |    34 |    35 |    36 ||   105
Block: Kite shield       |     9 |    28 |    46 ||    83

Table legend:
 A = Non-vault XP
 B = Vault XP
 C = Vault XP percentage of total XP
 D = Non-vault monster count
 E = Vault monster count
 F = Vault count percentage of total count
                 A         B        C        D         E       F
            +---------+---------+-------+---------+---------+-------
      Total |    1877 |     219 |  10.4 |     114 |      10 |   8.1
            +---------+---------+-------+---------+---------+-------
        D:1 |      35 |       0 |   0.0 |      21 |       0 |   0.0
        D:2 |      23 |       0 |   0.0 |      13 |       0 |   0.0
        D:3 |      84 |      19 |  18.4 |      22 |       3 |  12.0
        D:4 |     235 |     200 |  46.0 |      23 |       7 |  23.3
        D:5 |     955 |       0 |   0.0 |      27 |       0 |   0.0
        D:6 |     545 |       0 |   0.0 |       8 |       0 |   0.0
            +---------+---------+-------+---------+---------+-------
